 Dungeon Crawl Stone Soup version 0.25-a0-949-gdd2af9e06e (webtiles) character file.

Game seed: 1863602560017646566, levelgen mode: classic

57194 Amnesiac the Stormcaller (level 14, -3/111 HPs)
             Began as a Barachi Air Elementalist on May 8, 2020.
             Was a High Priest of Dithmenos.
             Slain by an Executioner (5 damage)
             ... summoned by Asterion
             ... on level 1 of the Elven Halls.
             The game lasted 01:03:27 (29679 turns).

Amnesiac the Stormcaller (BaAE)                    Turns: 29679, Time: 01:03:28

Health: -3/111     AC: 12    Str:  9    XL:     14   Next: 85%
Magic:  0/37       EV: 20    Int: 23    God:    Dithmenos [*****.]
Gold:   1732       SH:  6    Dex: 15    Spells: 21/34 levels left

rFire    + . .     SeeInvis .   p - staff of fire
rCold    + + +     Gourm    .   H - +1 buckler {rC+}
rNeg     . . .     Faith    .   u - +0 acid dragon scales
rPois    .         Spirit   +   r - +2 hat
rElec    +         Reflect  .   s - scarf {Spirit}
rCorr    +         Harm     .   N - +0 pair of gloves
MR       ++...                  B - +2 pair of boots {Fly}
Stlth    +++.......             J - amulet of Zaff {Acrobat rElec rC++ Int+4}
HPRegen  0.28/turn              y - ring of protection from magic
MPRegen  0.25/turn              g - ring of magical power

@: can't hop, flying, hasted, wreathed by umbra, quick
A: +LOS, swims, slowness 1, strong legs 2
a: Hop, Shadow Step, Shadow Form, Renounce Religion, Stop Flying


You were on level 1 of the Elven Halls.
You worshipped Dithmenos.
Dithmenos was extremely pleased with you.
You were hungry.

You visited 4 branches of the dungeon, and saw 19 of its levels.
You also visited: Bailey and Ice Cave.

You collected 2474 gold pieces.
You spent 742 gold pieces at shops.

Inventory:

Hand Weapons
 a - a +0 scimitar of flaming
 q - a +0 antimagic demon blade
Missiles
 A - 50 poisoned darts (quivered)
Armour
 r - a +2 hat (worn)
 s - a scarf of spirit shield (worn)
 u - +0 acid dragon scales (worn)
 B - a +2 pair of boots of flying (worn)
 H - a +1 buckler of cold resistance (worn)
 N - a +0 pair of gloves (worn)
Magical Staves
 p - an uncursed staff of fire (weapon)
Jewellery
 g - a ring of magical power (right hand)
 j - an uncursed ring of resist corrosion
 o - an uncursed ring of ice
 y - a ring of protection from magic (left hand)
 J - the amulet of Zaff (around neck) {Acrobat rElec rC++ Int+4}
   (You found it on level 10 of the Dungeon)

   [amulet of the acrobat]

   It helps you evade while moving and waiting.
   It affects your intelligence (+4).
   It greatly protects you from cold.
   It insulates you from electricity.
Wands
 l - a wand of random effects (42)
 n - a wand of flame (4)
 z - a wand of polymorph (6)
 D - a wand of disintegration (18)
 O - a wand of paralysis (6)
Scrolls
 b - 3 scrolls of enchant weapon {!r}
 e - 6 scrolls of fear {!r}
 t - a scroll of fog {!r, unknown}
 v - 2 scrolls of remove curse {!r}
 x - 2 scrolls of magic mapping {!r}
 E - 3 scrolls of identify {!r}
 G - 2 scrolls of teleportation {!r}
Potions
 f - 6 potions of brilliance {!q}
 k - 5 potions of might {!q}
 m - a potion of lignification {!q}
 C - a potion of haste {!q}
 F - a potion of invisibility {!q}
 I - a potion of cancellation {!q, unknown}
 L - 5 potions of curing {!q}
Miscellaneous
 h - a phial of floods (inert)
Comestibles
 c - 16 rations


   Skills:
 + Level 10.8 Fighting
 * Level 13.8 Dodging
 - Level 2.0 Stealth
 - Level 4.0 Shields
 + Level 10.9 Spellcasting
 - Level 1.1 Conjurations
 * Level 15.8 Air Magic
 + Level 6.8 Invocations
 - Level 4.0 Evocations


You had 21 spell levels left.
You knew the following spells:

 Your Spells              Type           Power        Failure   Level  Hunger
a - Shock                 Conj/Air       ####         1%          1    None
b - Lightning Bolt        Conj/Air       ######....   8%          5    ####...
c - Summon Butterflies    Summ           ##......     9%          1    None
d - Airstrike             Air            ######....   1%          4    None
z - Swiftness             Chrm/Air       #####...     1%          2    None

Your spell library contained the following spells:

 Spells                   Type           Power        Failure   Level  Hunger
 Static Discharge         Conj/Air       ######..     1%          3    None
 Call Canine Familiar     Summ           ##......     26%         3    None
 Summon Ice Beast         Ice/Summ       ##......     65%         4    None
 Summon Mana Viper        Hex/Summ       ##......     94%         5    ####...
 Summon Hydra             Summ           ##........   100%        7    #######


Dungeon Overview and Level Annotations

Branches:
Dungeon (15/15)            Temple (1/1) D:5            Lair (0/6) D:8
    Orc (2/2) D:10            Elf (1/3) Orc:2        Vaults (0/5) D:13
 Depths (0/5) D:15         Bailey (visited)           IceCv (visited)

Altars:
Cheibriados
Dithmenos
Elyvilon
Gozag
Hepliaklqana
Kikubaaqudgha
Makhleb
Nemelex Xobeh
Qazlal
Ru
Sif Muna
Uskayaw
Xom
The Shining One

Shops:
D:9 %   Orc:2 *[(=

Annotations:
Elf:1 Asterion


Innate Abilities, Weirdness & Mutations

You can be seen from farther away. (+LOS)
You can swim through water.
You cover ground slowly.
You can hop long distances.


Message History

The Executioner hits you!
* * * LOW HITPOINT WARNING * * *
The Executioner closely misses you. The Executioner misses you.
The Executioner completely misses you. The Executioner hits you!
* * * LOW HITPOINT WARNING * * *
The Executioner misses you. The Executioner hits you!
* * * LOW HITPOINT WARNING * * *
The Executioner completely misses you.
The Executioner hits you but does no damage.
Unknown command.
The Executioner misses you. The Executioner completely misses you.
The Executioner barely misses you. The Executioner closely misses you.
The Executioner completely misses you. The Executioner barely misses you.
The Executioner closely misses you. The Executioner completely misses you.
The Executioner hits you but does no damage.
You block the Executioner's attack. The Executioner completely misses you.
The Executioner hits you.
* * * LOW HITPOINT WARNING * * *
The Executioner completely misses you. The Executioner closely misses you. x2
There is an open door here.
Really quaff
d - 2 potions of heal wounds {!q}?
You feel much better. The Executioner hits you!
* * * LOW HITPOINT WARNING * * *
The Executioner hits you but does no damage.
The Executioner hits you.
* * * LOW HITPOINT WARNING * * *
You block the Executioner's attack. x2
The Executioner hits you but does no damage.
You block the Executioner's attack. The Executioner barely misses you.
The Executioner closely misses you.
Asterion chants a prayer to Makhleb.
The Executioner hits you but does no damage.
The Executioner completely misses you.
The Executioner hits you but does no damage.
The Executioner completely misses you. The Executioner closely misses you.
The Executioner completely misses you. The Executioner hits you!
* * * LOW HITPOINT WARNING * * *
The Executioner hits you but does no damage.
The Executioner completely misses you.
Really quaff
d - a potion of heal wounds {!q}?
You feel much better. The Executioner hits you.
* * * LOW HITPOINT WARNING * * *
The Executioner hits you.
* * * LOW HITPOINT WARNING * * *
You block the Executioner's attack. x2; The Executioner hits you.
* * * LOW HITPOINT WARNING * * *
The Executioner hits you but does no damage.
Asterion screams, "Stop staring at me!"
The Executioner closely misses you.
The Executioner hits you but does no damage. x2
Press: ? - help, v - describe, . - travel
Here: an Executioner (lightly wounded, fast, summoned, umbra)
An open door, spattered with blood.
Evoke which item? (* to show all) (? for menu, Esc to quit)
Okay, then.
Okay, then.
Hop to where?
Press: ? - help, Dir - move target cursor, p - Asterion Boing!
Really quaff
C - 2 potions of haste {!q}?
You feel yourself speed up. The Executioner hits you!!
* * * LOW HITPOINT WARNING * * *
The Executioner barely misses you. The Executioner hits you.
You die...

##### ####### ##...##
#.....######
#.....#######.....'....+
#....H'(.1@.+§§§§§######
+.....#######§§§§§#
#+...'## #.§§≈§#
##+##.## ####§## ##(##
#.# ##.## #.# ##.## #.#
##.## #.# ##.## #+#


You could see Asterion, an Executioner and a +1 long sword of holy wrath.

Vanquished Creatures
  Agnes (Elf:1)
  Kirke (D:15)
  A frost giant (D:15)
  An orc warlord (Orc:2)
  A minotaur (D:11)
  A rakshasa (D:13)
  A hydra (D:15)
  A catoblepas (D:15)
  3 centaur warriors (D:15)
  6 two-headed ogres
  The ghost of MisterFreud the Nimble, a journeyman OpGl of Cheibriados (D:11)
  A death yak (D:12)
  3 orc high priests (Orc:2)
  4 skeletal warriors (D:13)
  2 unseen horrors
  A wizard (D:14)
  An obsidian statue (D:11)
  Pikel (D:8)
  3 orc knights
  2 necromancers (D:13)
  3 ugly things (D:14)
  A deep elf mage (D:12)
  3 cyclopes
  4 orc sorcerers (Orc:2)
  3 manticores
  Maurice (Orc:1)
  A black mamba (shapeshifter) (D:14)
  2 ice statues (IceCv)
  5 gargoyles
  Joseph (D:7)
  3 centaur skeletons
  An efreet (D:14)
  A yaktaur (D:15)
  2 freezing wraiths
  A komodo dragon (D:13)
  7 ice devils (IceCv)
  16 trolls
  4 polar bears (D:12)
  3 hornets
  10 slime creatures
  6 hippogriffs
  A water elemental (D:13)
  3 hungry ghosts
  2 wyverns
  2 basilisks (D:13)
  2 wraiths
  13 yaks
  3 vampire mosquitoes (D:14)
  2 wargs
  2 acid dragons
  2 soldier ants (D:10)
  A water moccasin (D:14)
  Duvessa (D:7)
  36 orc warriors
  3 sky beasts
  3 slaves (D:8)
  3 phantoms
  2 meliai simulacra (D:12)
  4 black bears
  A necrophage (D:13)
  7 ice beasts
  9 ogres
  4 boggarts (D:14)
  8 centaurs
  4 wolves (D:12)
  2 big kobolds
  5 bullfrogs
  Dowan (D:7)
  4 scorpions
  6 killer bees (D:10)
  19 wights
  4 howler monkeys
  3 electric eels
  6 crimson imps
  2 quasits
  A wyvern simulacrum (D:12)
  2 bullfrog zombies
  2 hounds (D:8)
  A jelly (D:13)
  12 orc priests
  5 bullfrog skeletons
  Ijyb (D:3)
  15 orc wizards
  10 worker ants
  2 centaur simulacra
  A hound zombie (D:11)
  3 hound skeletons
  A howler monkey zombie (D:9)
  A howler monkey skeleton (D:4)
  5 gnolls
  14 adders
  4 shadow imps
  11 white imps
  9 ufetubi
  2 oozes
  An adder skeleton (D:9)
  An adder zombie (D:9)
  5 worms
  A dart slug (D:2)
  2 leopard geckos
  55 orcs
  2 giant cockroaches
  7 goblins
  6 hobgoblins
  8 jackals
  11 quokkas
  2 ball pythons
  10 bats
  2 frilled lizards
  30 kobolds
  A leopard gecko skeleton (D:4)
  A quokka zombie (D:7)
  11 rats
  A fungus (Orc:2)
543 creatures vanquished.

Vanquished Creatures (others)
  A reaper (IceCv)
  Harold (D:7)
  7 humans (D:15)
  A centaur (D:6)
  3 white imps (IceCv)
  8 ufetubi (IceCv)
  An orc (Orc:1)
  3 fungi (Orc:2)
25 creatures vanquished.

Grand Total: 568 creatures vanquished

Notes
Turn   | Place    | Note
-------+----------+-------------------------------------------
     0 | D:1      | Amnesiac the Barachi Air Elementalist began the quest for
                  | the Orb.
     0 | D:1      | Reached XP level 1. HP: 13/13 MP: 3/3
   163 | D:1      | Reached XP level 2. HP: 19/19 MP: 0/5
   167 | D:1      | Learned a level 2 spell: Swiftness
   466 | D:1      | Found a sparkling altar of Nemelex Xobeh.
   581 | D:1      | Reached skill level 4 in Air Magic
   897 | D:1      | Reached XP level 3. HP: 24/24 MP: 4/7
  2096 | D:2      | Reached XP level 4. HP: 30/30 MP: 0/8
  2201 | D:2      | Learned a level 4 spell: Airstrike
  2815 | D:3      | Noticed Ijyb
  2831 | D:3      | Killed Ijyb
  2831 | D:3      | Reached skill level 5 in Air Magic
  3205 | D:3      | Reached XP level 5. HP: 35/35 MP: 5/10
  3786 | D:4      | Identified a paperback manual
  3786 | D:4      | Noticed a hornet
  3887 | D:4      | Got a heavy robe
  3898 | D:4      | Identified the cursed +1 robe of Kikubaaqudgha's Favour
                  | {rElec rPois rF- MR+} (You found it on level 4 of the
                  | Dungeon)
  4245 | D:4      | Killed a hornet
  4245 | D:4      | Reached skill level 6 in Air Magic
  4245 | D:4      | Reached XP level 6. HP: 41/41 MP: 2/12
  4577 | D:4      | Reached skill level 7 in Air Magic
  4716 | D:4      | Reached skill level 1 in Shields
  4716 | D:4      | Reached XP level 7. HP: 46/46 MP: 3/13
  4972 | D:5      | Entered Level 5 of the Dungeon
  5237 | D:5      | Found a staircase to the Ecumenical Temple.
  5247 | Temple   | Entered the Ecumenical Temple
  5323 | Temple   | Became a worshipper of Dithmenos the Shadowed
  5566 | D:5      | Found a stormy altar of Qazlal.
  5608 | D:5      | Found a sacrificial altar of Ru.
  5729 | D:5      | Reached skill level 5 in Spellcasting
  6289 | D:6      | Reached skill level 8 in Air Magic
  6352 | D:6      | Reached XP level 8. HP: 52/52 MP: 6/15
  6548 | D:6      | Found a sacrificial altar of Ru.
  6916 | D:6      | Reached skill level 9 in Air Magic
  7636 | D:7      | Noticed Harold
  7656 | D:7      | You fall into a shaft and drop 2 floors!
  7656 | D:9      | Found a hide-covered altar of Uskayaw.
  7778 | D:9      | Found a glowing golden altar of the Shining One.
  7834 | D:8      | Reached * piety under Dithmenos
  7954 | D:8      | Reached skill level 1 in Fighting
  7954 | D:8      | Reached XP level 9. HP: 59/59 MP: 9/18
  8033 | D:7      | Noticed Joseph
  8064 | D:7      | Killed Joseph
  8367 | D:7      | Killed Harold
  8367 | D:7      | Reached skill level 10 in Air Magic
  8373 | D:7      | Noticed Duvessa
  8409 | D:7      | Killed Duvessa
  8416 | D:7      | Noticed Dowan
  8545 | D:7      | Killed Dowan
  8833 | D:7      | Learned a level 5 spell: Lightning Bolt
  9176 | D:8      | Reached skill level 5 in Dodging
  9215 | D:8      | Found a staircase to the Lair.
  9732 | D:8      | Noticed Pikel
  9737 | D:8      | Killed Pikel
  9737 | D:8      | Reached XP level 10. HP: 67/71 MP: 2/20
 10262 | D:9      | Reached skill level 11 in Air Magic
 10421 | D:9      | Reached skill level 1 in Evocations
 10712 | D:9      | Reached ** piety under Dithmenos
 11039 | D:9      | Found Jeril's Food Boutique.
 11469 | D:10     | Entered Level 10 of the Dungeon
 11687 | D:10     | Reached skill level 5 in Fighting
 11767 | D:10     | Found a flagged portal.
 11774 | Bailey   | Entered a bailey
 12358 | Bailey   | Found an iron altar of Okawaru.
 12435 | D:10     | Got a slimy golden amulet
 12686 | D:10     | Reached *** piety under Dithmenos
 13557 | D:10     | Found a staircase to the Orcish Mines.
 13611 | D:10     | Reached XP level 11. HP: 71/81 MP: 9/22
 13897 | Orc:1    | Entered Level 1 of the Orcish Mines
 13909 | D:10     | Reached skill level 12 in Air Magic
 14088 | Orc:1    | Reached **** piety under Dithmenos
 14303 | Orc:1    | Noticed Maurice
 14308 | Orc:1    | Killed Maurice
 14577 | Orc:1    | Identified the amulet of Zaff {Acrobat rElec rC++ Int+4}
                  | (You found it on level 10 of the Dungeon)
 14799 | Orc:2    | Entered Level 2 of the Orcish Mines
 14799 | Orc:2    | Noticed an orc sorcerer
 14802 | Orc:2    | Killed an orc sorcerer
 14927 | Orc:2    | Found a staircase to the Elven Halls.
 14952 | Orc:2    | Noticed an orc high priest
 15044 | Orc:2    | Killed an orc high priest
 15208 | Orc:2    | Reached skill level 1 in Invocations
 15211 | Orc:2    | Noticed an orc warlord
 15212 | Orc:2    | Noticed an orc sorcerer
 15436 | Orc:2    | Noticed an orc sorcerer
 15439 | Orc:2    | Killed an orc sorcerer
 15441 | Orc:2    | Noticed an orc knight
 15577 | Orc:2    | Noticed a cyclops
 15670 | Orc:1    | Killed an orc knight
 15808 | Orc:2    | Killed a cyclops
 16038 | Orc:2    | Killed an orc warlord
 16179 | Orc:2    | Killed an orc sorcerer
 16179 | Orc:2    | Reached XP level 12. HP: 87/91 MP: 15/24
 16180 | Orc:2    | Found Nanueto's Antique Weapon Boutique.
 16315 | Orc:2    | Reached skill level 13 in Air Magic
 16538 | Orc:2    | Noticed an orc high priest
 16546 | Orc:2    | Killed an orc high priest
 16546 | Orc:2    | Reached skill level 10 in Dodging
 16671 | Orc:2    | Found Tahon's Jewellery Emporium.
 16700 | Orc:2    | Found Wimpot's Antique Armour Emporium.
 16709 | Orc:2    | Noticed an orc high priest
 16731 | Orc:2    | Killed an orc high priest
 17258 | Orc:1    | Noticed a two-headed ogre
 17262 | Orc:2    | Found Lylich's General Store.
 18385 | Orc:2    | Killed a two-headed ogre
 18547 | Orc:2    | Bought an embroidered hat for 252 gold pieces
 18575 | Orc:2    | Bought a potion of haste for 170 gold pieces
 18604 | Orc:2    | Bought an uncursed ring of magical power for 320 gold
                  | pieces
 18888 | D:11     | Noticed a two-headed ogre
 18905 | D:11     | Killed a two-headed ogre
 19584 | D:11     | Got a pair of slimy boots
 19597 | D:11     | Identified the +1 pair of boots "Tohawk" {rElec} (You found
                  | it on level 11 of the Dungeon)
 19772 | D:11     | Noticed a minotaur
 19772 | D:11     | Noticed MisterFreud's ghost (journeyman OpGl)
 19781 | D:11     | Found a runed translucent gate.
 19781 | D:11     | Found a runed translucent gate.
 19781 | D:11     | Found a runed translucent gate.
 19786 | D:11     | Got a brightly glowing quarterstaff
 19877 | D:11     | Noticed a two-headed ogre
 19888 | D:11     | Killed a two-headed ogre
 19888 | D:11     | Reached skill level 14 in Air Magic
 19888 | D:11     | Gained mutation: You can hop long distances. [Barachi
                  | growth]
 19888 | D:11     | Reached XP level 13. HP: 91/99 MP: 6/26
 20026 | D:11     | Killed a minotaur
 20073 | D:11     | Killed MisterFreud's ghost
 20718 | D:12     | Reached ***** piety under Dithmenos
 20820 | D:12     | Found a frozen archway.
 20831 | IceCv    | Entered an ice cave
 20953 | IceCv    | Killed a reaper
 22155 | D:12     | Reached skill level 5 in Invocations
 22523 | D:12     | You are sucked into a shaft and drop 2 floors!
 22662 | D:14     | Reached skill level 10 in Spellcasting
 24474 | D:14     | Learned a level 1 spell: Summon Butterflies
 24492 | D:14     | Reached skill level 15 in Air Magic
 24743 | D:14     | Reached XP level 14. HP: 109/109 MP: 20/28
 24937 | D:15     | Entered Level 15 of the Dungeon
 25053 | D:15     | Reached skill level 10 in Fighting
 25821 | D:13     | Reached ****** piety under Dithmenos
 26994 | D:13     | Found a gate to the Vaults.
 27383 | D:15     | Noticed Kirke
 27389 | D:15     | Killed Kirke
 28768 | D:15     | Noticed a frost giant
 28775 | D:15     | HP: 5/111 [frost giant/+1 battleaxe of freezing (32)]
 28775 | D:15     | HP: 2/111 [frost giant/+1 battleaxe of freezing (3)]
 28779 | D:15     | Killed a frost giant
 28788 | D:15     | Found a staircase to the Depths.
 29362 | Elf:1    | Entered Level 1 of the Elven Halls
 29379 | Elf:1    | Noticed Agnes
 29396 | Elf:1    | Killed Agnes
 29657 | Elf:1    | Noticed Asterion
 29661 | Elf:1    | Noticed an Executioner
 29679 | Elf:1    | HP: 2/111 [Executioner[Asterion] (20)]
 29679 | Elf:1    | Slain by an Executioner

Levels and vault maps discovered:
D:1:      roderic_chinese_lattice_arrival, layout_loops_ring,
          nemelex_xobeh_ov_fountains_minmay
D:2:      layout_basic, first_ration, chequers_serial_rivers_marsh
D:3:      layout_basic, uniq_ijyb
D:4:      layout_cave_pools
D:5:      layout_gridville, nicolae_qazlal_general_emergency,
          nicolae_overflow_crystal_walls, minmay_temple_entry_waves,
          kennysheep_generic_room_9
D:6:      layout_loops_cross, serial_rivers, chequers_serial_rivers_room_b,
          chequers_serial_rivers_micro_e, chequers_serial_rivers_micro_d,
          chequers_serial_rivers_small_3, lemuel_tele_altar
D:7:      layout_loops_ring, uniq_joseph, uniq_harold, uniq_duvessa
D:8:      layout_gridville, lair_entry_dummy, uniq_pikel
D:9:      layout_rooms, amethyst_overflow_temple_binary, serial_shops,
          nicolae_shop_statue_plus
D:10:     layout_loops_ring, david_orc_3, enter_bailey_2,
          hangedman_pestilent_swarm
D:11:     layout_basic, maelrawn_ghost_gauntlet_escape, minmay_statue_bubble
D:12:     layout_gridville, serial_ice, serial_ice_j, serial_ice_b,
          serial_ice_g, serial_ice_o, serial_ice_d, serial_ice_h, serial_ice_a,
          serial_ice_m, serial_ice_c, serial_ice_f,
          portal_ice_cave_entry_pillars_2
D:13:     layout_loops_cross, david_vaults_1, minivault_4,
          chequers_hall_statues_y
D:14:     layout_loops_corners
D:15:     grunt_enter_depths_snipers, layout_loops_ring,
          small_statue_intersection, uniq_kirke
Temple:   dpeg_five_rooms_temple
Orc:1:    layout_caves, uniq_maurice
Orc:2:    grunt_orc_gardens, layout_caves, grunt_orc_garden, grunt_orc_garden,
          grunt_orc_garden, grunt_orc_garden
Elf:1:    layout_geoelf_grid, enter_trove_3, hangedman_corner_corridor,
          item_on_display_a, uniq_asterion, uniq_donald, uniq_agnes

Skill      XL: |  1  2  3  4  5  6  7  8  9 10 11 12 13 14 |
---------------+-------------------------------------------+-----
Air Magic      | 4 5 6 7 8 9 10 11 12 14 15 | 15.8
Spellcasting   | 3 4 5 6 7 8 9 10 | 10.9
Shields        | 1 2 4 |  4.0
Stealth        | 2 |  2.0
Fighting       | 1 4 5 7 8 9 10 | 10.8
Dodging        | 6 8 9 11 12 13 | 13.8
Evocations     | 3 4 |  4.0
Invocations    | 2 4 5 6 |  6.8
Conjurations   | |  1.1

Action                   |  1- 3 |  4- 6 |  7- 9 | 10-12 | 13-15 || total
-------------------------+-------+-------+-------+-------+-------++-------
Melee: Unarmed           |     5 |    16 |       |     1 |       ||    22
       Short sword       |       |       |       |   139 |    76 ||   215
       Scimitar          |       |       |       |       |    35 ||    35
Throw: Dart              |       |       |       |     4 |       ||     4
 Cast: Shock             |    72 |   111 |    92 |   180 |   397 ||   852
       Airstrike         |       |     3 |    60 |   236 |   136 ||   435
       Lightning Bolt    |       |       |       |    18 |    72 ||    90
 Abil: Hop               |       |       |     1 |     3 |     4 ||     8
Evoke: Wand              |       |       |       |     6 |     9 ||    15
       Phial of floods   |       |       |       |       |     2 ||     2
       Phantom mirror    |       |       |       |       |     1 ||     1
  Use: Potion            |     1 |       |       |     4 |     7 ||    12
       Scroll            |       |     5 |     3 |     9 |     3 ||    20
 Stab: Distracted        |       |       |       |     1 |     1 ||     2
  Eat: Chunk             |     5 |     8 |    19 |    32 |    27 ||    91
       Ration            |       |       |     2 |     7 |     6 ||    15
Armor: Robe              |     4 |    13 |     6 |    33 |    37 ||    93
       Acid dragon scale |       |       |       |       |    45 ||    45
Dodge: Dodged            |    16 |    51 |    47 |   321 |   562 ||   997
Block: Other             |     2 |    13 |     3 |       |       ||    18
       Reflection        |     1 |       |     9 |    10 |       ||    20
       Buckler           |       |       |    20 |   146 |   112 ||   278
       Rpst.: Scimitar   |       |       |       |       |    38 ||    38

Table legend:
 A = Non-vault XP
 B = Vault XP
 C = Vault XP percentage of total XP
 D = Non-vault monster count
 E = Vault monster count
 F = Vault count percentage of total count
                 A         B        C        D         E       F
            +---------+---------+-------+---------+---------+-------
      Total |   49404 |   32303 |  39.5 |     416 |     126 |  23.2
            +---------+---------+-------+---------+---------+-------
        D:1 |      38 |       0 |   0.0 |      26 |       0 |   0.0
        D:2 |      74 |       0 |   0.0 |      20 |       0 |   0.0
        D:3 |      27 |      36 |  57.1 |      12 |       1 |   7.7
        D:4 |     564 |       0 |   0.0 |      18 |       0 |   0.0
        D:5 |     342 |       0 |   0.0 |       8 |       0 |   0.0
        D:6 |     737 |       0 |   0.0 |      12 |       0 |   0.0
        D:7 |     289 |    1160 |  80.1 |       8 |       4 |  33.3
        D:8 |    1016 |     651 |  39.1 |      30 |       1 |   3.2
        D:9 |    1566 |       0 |   0.0 |      33 |       0 |   0.0
       D:10 |    2333 |     780 |  25.1 |      33 |      10 |  23.3
       D:11 |    4766 |    3462 |  42.1 |      25 |       7 |  21.9
       D:12 |    2245 |    3917 |  63.6 |      18 |      30 |  62.5
       D:13 |    6836 |    1671 |  19.6 |      32 |       4 |  11.1
       D:14 |   11665 |       0 |   0.0 |      47 |       0 |   0.0
       D:15 |   10437 |    5248 |  33.5 |      33 |       4 |  10.8
      Orc:1 |    1583 |    1496 |  48.6 |      31 |       5 |  13.9
      Orc:2 |    4886 |    8377 |  63.2 |      30 |      23 |  43.4
      Elf:1 |       0 |    2101 | 100.0 |       0 |       1 | 100.0
     Bailey |       0 |     427 | 100.0 |       0 |      16 | 100.0
      IceCv |       0 |    2977 | 100.0 |       0 |      20 | 100.0
            +---------+---------+-------+---------+---------+-------
